 Dungeon Crawl Stone Soup version 0.30.0 (webtiles) character file.

Game seed: 12800086117057936174

2 zonermancer the Grave Robber (level 1, 16/16 HPs)
             Began as a Troll Necromancer on June 22, 2023.
             Quit the game on level 1 of the Dungeon on June 28, 2023.
             The game lasted 00:05:18 (122 turns).

zonermancer the Grave Robber (Troll Necromancer)     Turns: 122, Time: 00:05:19

Health: 16/16      AC:  4    Str: 15    XL:     1   Next: 25%
Magic:  1/1        EV:  9    Int: 11    God:
Gold:   9          SH:  0    Dex: 10    Spells: 1/2 levels left

rFire   . . .        e - +0 club
rCold   . . .        (no shield)
rNeg    . . .        a - +0 robe
rPois   .            (helmet restricted)
rElec   .            (no cloak)
rCorr   .            (gloves unavailable)
SInv    .            (boots unavailable)
Will    .....        (no amulet)
Stlth   +            (no ring)
HPRegen 1.02/turn    (no ring)
MPRegen 0.07/turn

%: no passive effects
@: no status effects
A: large, unfitting armour, claws 3, regeneration 1, shaggy fur 1, tough skin 1
a: no special abilities


You were on level 1 of the Dungeon.
You visited 1 branch of the dungeon, and saw 1 of its levels.

You collected 9 gold pieces.

Inventory:

Hand Weapons
 e - a +0 club (weapon)
Missiles
 c - 5 stones
Armour
 a - a +0 robe (worn)
Scrolls
 d - a scroll of identify {unknown}
Potions
 b - a potion of magic


   Skills:
 + Level 1.5 Dodging
 + Level 1.0 Stealth
 + Level 1.2 Spellcasting
 + Level 3.3 Necromancy


You had one spell level left.
You knew the following spells:

 Your Spells              Type           Power      Damage    Failure   Level
a - Necrotise             Necr           32%        1d5       8%          1

Your spell library contained the following spells:

 Spells                   Type           Power      Damage    Failure   Level
 Vampiric Draining        Necr           8%         2d6       24%         3
 Animate Dead             Necr           8%         N/A       61%         4
 Agony                    Necr           8%         N/A       91%         5


Dungeon Overview and Level Annotations

Branches:
Dungeon (1/15)

Altars:

Shops:
D:1 *


Innate Abilities, Weirdness & Mutations

You are too large for most types of armour.
You have claws for hands.
Your natural rate of healing is unusually fast.
You are covered in fur. (AC +1)
You have tough skin. (AC +1)


Message History

The hobgoblin is severely wounded.
The hobgoblin hits you.
Attack: -) Claws
Press: ? - help, Dir - move target, f/p - hobgoblin
Aim: a hobgoblin (severely wounded, about 43% to evade your claws)
You barely miss the hobgoblin.
The hobgoblin is severely wounded.
The hobgoblin barely misses you.
Attack: -) Claws
Press: ? - help, Dir - move target, f/p - hobgoblin
Aim: a hobgoblin (severely wounded, about 43% to evade your claws)
You closely miss the hobgoblin.
The hobgoblin is severely wounded.
The hobgoblin hits you.
Attack: -) Claws
Press: ? - help, Dir - move target, f/p - hobgoblin
Aim: a hobgoblin (severely wounded, about 43% to evade your claws)
You scratch the hobgoblin.
You kill the hobgoblin!
You see here a hobgoblin corpse.
Things that are here:
a +0 club; a kobold corpse
e - a +0 club Welcome back, zonermancer the Troll Necromancer.
Press ? for a list of commands and other information.
Welcome back, zonermancer the Troll Necromancer.
Press ? for a list of commands and other information.
Okay, then.
Unknown command.
Welcome back, zonermancer the Troll Necromancer.
Press ? for a list of commands and other information.
Sorry, you're not good enough to have a special ability.
Sorry, you're not good enough to have a special ability.
Okay, then.
Unknown command.
Okay, then.
e - a +0 club (weapon)
Okay, then.
You see here a kobold corpse.
Are you sure you want to abandon this character and quit the game? (Confirm with "yes".)

.. .. ..#.#
#.# #.#.# #.#
#.#.# #.#
#.#.###.## #
#.#......# #.
##...###∩.#
#.##....@##..#
#...†...†....#
####.....###.#
##...## #.#
##>## #.# #.#
#.# #.# #.#
#.# #.# #.#
#.#########


There were no monsters in sight!

Vanquished Creatures
  A hobgoblin (D:1)
  A kobold (D:1)
2 creatures vanquished.

Notes
Turn   | Place    | Note
-------+----------+-------------------------------------------
     0 | D:1      | zonermancer the Troll Necromancer began the quest for the
                  | Orb.
     0 | D:1      | Reached XP level 1. HP: 16/16 MP: 1/1
    78 | D:1      | Found Lajasof's General Store.
   122 | D:1      | Quit the game

Illustrated notes

Levels and vault maps discovered:
D:1:      dpeg_arrival_arbitrary_a, layout_loops_ring, serial_shops, shop

Action                     || total
---------------------------++-------
  Melee: Unarmed           ||    11
   Cast: Necrotise         ||     1
 Armour: Robe              ||     4
  Dodge: Dodged            ||     5
